SR
VALLEY VIEW COUGARS @ ELLESMERE ISLAND SNOWPEOPLE
07/16/2042
 
TOP OF THE 1ST
Valley View Cougars batting - Pitching for Ellesmere Island Snowpeople : RHP Ki-seop Ch'oe
Pitching: RHP Ki-seop Ch'oe
Batting: RHB Pepe Melandri 0-0: Ball
1-0: Called Strike
1-1: Foul Ball, location: 2F
1-2: Ball
2-2: SINGLE (Groundball, 6D, EV 105.0 MPH)
Batting: RHB Joe Johnson 0-0: Ball
1-0: Foul Ball, location: 2F
1-1: Ball
2-1: SINGLE (Groundball, 3D, EV 109.4 MPH)
Pepe Melandri to second
Runner from 2nd tries for 3rd, SAFE, no throw by RF
Batting: LHB Jeff Booth 0-0: Called Strike
0-1: Ball
1-1: Ball
2-1: Ball
3-1: Base on Balls
Joe Johnson to second
Batting: RHB Gabe Joicey 0-0: Ball
1-0: Swinging Strike
1-1: Called Strike
1-2: Strikes out looking
Batting: SHB Markus Anderson 0-0: Ball
1-0: Called Strike
1-1: Fly out, F8 (Flyball, 8LM, EV 93.8 MPH)
Runner from 3rd tags up, SCORES, throw by CF
Batting: RHB Jay Harris 0-0: Called Strike
0-1: Foul Ball, location: 2F
0-2: Ball
1-2: Ground out 5-3 (Groundball, 56S, EV 87.5 MPH)
Top of the 1st over - 1 run, 2 hits, 0 errors, 2 left on base; Valley View 1 - Ellesmere Island 0
BOTTOM OF THE 1ST
Ellesmere Island Snowpeople batting - Pitching for Valley View Cougars : RHP Don Lucas
Pitching: RHP Don Lucas
Batting: RHB Red Greene 0-0: Ball
1-0: Swinging Strike
1-1: Ball
2-1: Ball
3-1: Bunt for hit to 13 - play at first, batter safe!
Batting: SHB Clive Edney 0-0: Foul Ball, location: 2F
0-1: Ball
1-1: Ball
2-1: Foul Ball, location: 2F
2-2: Ball
3-2: Foul Ball, location: 2F
3-2: Ground out 4-3 (Groundball, 34, EV 106.9 MPH)
Red Greene to second
Batting: RHB Donald White 0-0: Ground out 6-3 (Groundball, 6, EV 86.9 MPH)
Red Greene to third
Batting: RHB Ramón Rodríguez 0-0: Ball
1-0: Ball
2-0: Ball
3-0: Called Strike
3-1: Called Strike
3-2: Fly out, F6 (Flyball, 56D, EV 89.4 MPH)
Bottom of the 1st over - 0 runs, 1 hit, 0 errors, 1 left on base; Valley View 1 - Ellesmere Island 0
TOP OF THE 2ND
Valley View Cougars batting - Pitching for Ellesmere Island Snowpeople : RHP Ki-seop Ch'oe
Batting: RHB Shaun Kingsley 0-0: Ball
1-0: Foul Ball, location: 2F
1-1: Called Strike
1-2: Strikes out swinging
Batting: RHB James Gill 0-0: Ball
1-0: Called Strike
1-1: Foul Ball, location: 2F
1-2: Ball
2-2: Strikes out swinging
Batting: LHB Vic Coates 0-0: Called Strike
0-1: Ball
1-1: Reached on error, E5 (Groundball, 56S, EV 79.4 MPH)
Batting: RHB Pepe Melandri 0-0: Called Strike
0-1: Ball
1-1: Called Strike
1-2: Fly out, F8 (Line Drive, 8RM, EV 110.6 MPH)
Top of the 2nd over - 0 runs, 0 hits, 1 error, 1 left on base; Valley View 1 - Ellesmere Island 0
BOTTOM OF THE 2ND
Ellesmere Island Snowpeople batting - Pitching for Valley View Cougars : RHP Don Lucas
Batting: LHB James Moya 0-0: Ball
1-0: Foul Ball, location: 2F
1-1: Ball
2-1: Ball
3-1: Foul Ball, location: 2F
3-2: SOLO HOME RUN (Flyball, 89XD, EV 100.6 MPH), Distance : 427 ft
Batting: RHB Ron Jackson 0-0: Foul Ball, location: 2F
0-1: Swinging Strike
0-2: Ball
1-2: Ball
2-2: Fly out, F8 (Flyball, 8RM, EV 80.0 MPH)
Batting: RHB Frank Steeneveld 0-0: Ground out 5-3 (Groundball, 56, EV 104.4 MPH)
Batting: RHB Ramón Rodríguez 0-0: Called Strike
0-1: Ball
1-1: Swinging Strike
1-2: Ball
2-2: Foul Ball, location: 2F
2-2: Strikes out swinging
Bottom of the 2nd over - 1 run, 1 hit, 0 errors, 0 left on base; Valley View 1 - Ellesmere Island 1
TOP OF THE 3RD
Valley View Cougars batting - Pitching for Ellesmere Island Snowpeople : RHP Ki-seop Ch'oe
Batting: RHB Joe Johnson 0-0: Ball
1-0: Ball
2-0: Swinging Strike
2-1: Foul Ball, location: 2F
2-2: Foul Ball, location: 2F
2-2: Foul Ball, location: 2F
2-2: Ball
3-2: Fly out, F9 (Flyball, 9D, EV 94.4 MPH)
Batting: LHB Jeff Booth 0-0: Ball
1-0: Ball
2-0: Foul Ball, location: 2F
2-1: Fly out, F9 (Flyball, 9S, EV 83.8 MPH)
Batting: RHB Gabe Joicey 0-0: Called Strike
0-1: Ball
1-1: Called Strike
1-2: Fly out, F8 (Line Drive, 8RD, EV 105.6 MPH)
Top of the 3rd over - 0 runs, 0 hits, 0 errors, 0 left on base; Valley View 1 - Ellesmere Island 1
BOTTOM OF THE 3RD
Ellesmere Island Snowpeople batting - Pitching for Valley View Cougars : RHP Don Lucas
Batting: RHB Howard Moore 0-0: Fly out, F4 (Flyball, 34D, EV 82.5 MPH)
Batting: RHB Red Greene 0-0: Ball
1-0: Fly out, F3 (Popup, 3F, EV 73.1 MPH)
Batting: SHB Clive Edney 0-0: Ball
1-0: SINGLE (Groundball, 6MD, EV 96.9 MPH)
Batting: RHB Donald White 0-0: Called Strike
Clive Edney steals 2nd base
0-1: Ball
1-1: Ball
2-1: Ball
3-1: Foul Ball, location: 2F
3-2: Foul Ball, location: 2F
3-2: Base on Balls
Batting: RHB Ramón Rodríguez 0-0: Ball
1-0: Foul Ball, location: 2F
1-1: Ball
2-1: Ground out 5-3 (Groundball, 56S, EV 80.6 MPH)
Bottom of the 3rd over - 0 runs, 1 hit, 0 errors, 2 left on base; Valley View 1 - Ellesmere Island 1
TOP OF THE 4TH
Valley View Cougars batting - Pitching for Ellesmere Island Snowpeople : RHP Ki-seop Ch'oe
Batting: SHB Markus Anderson 0-0: Ball
1-0: Fly out, F7 (Flyball, 7LS, EV 75.6 MPH)
Batting: RHB Jay Harris 0-0: Called Strike
0-1: Foul Ball, location: 2F
0-2: Ball
1-2: Foul Ball, location: 2F
1-2: Ball
2-2: Ball
3-2: Ground out 6-3 (Groundball, 56, EV 105.6 MPH)
Batting: RHB Shaun Kingsley 0-0: Called Strike
0-1: Fly out, F3 (Popup, 3SF, EV 81.2 MPH)
Top of the 4th over - 0 runs, 0 hits, 0 errors, 0 left on base; Valley View 1 - Ellesmere Island 1
BOTTOM OF THE 4TH
Ellesmere Island Snowpeople batting - Pitching for Valley View Cougars : RHP Don Lucas
Batting: LHB James Moya 0-0: Ball
1-0: Ball
2-0: Called Strike
2-1: Foul Ball, location: 2F
2-2: Fly out, F5 (Line Drive, 5, EV 76.2 MPH)
Batting: RHB Ron Jackson 0-0: Ball
1-0: Called Strike
1-1: Foul Ball, location: 2F
1-2: Ball
2-2: Strikes out swinging
Batting: RHB Frank Steeneveld 0-0: SINGLE (Line Drive, 78S, EV 103.1 MPH)
Batting: RHB Ramón Rodríguez Pickoff Throw to First - Out! 1-3
Bottom of the 4th over - 0 runs, 1 hit, 0 errors, 0 left on base; Valley View 1 - Ellesmere Island 1
TOP OF THE 5TH
Valley View Cougars batting - Pitching for Ellesmere Island Snowpeople : RHP Ki-seop Ch'oe
Batting: RHB James Gill 0-0: Called Strike
0-1: SINGLE (Line Drive, 6D, EV 103.8 MPH)
Batting: LHB Vic Coates 0-0: Bunted foul
0-1: Bunted foul
0-2: Ball
1-2: Foul Ball, location: 2F
1-2: Fly out, F9 (Flyball, 9S, EV 80.0 MPH)
Batting: RHB Pepe Melandri 0-0: SINGLE (Groundball, 4D, EV 98.8 MPH)
James Gill to second
Batting: RHB Joe Johnson 0-0: Ball
1-0: Ball
2-0: Ball
3-0: Foul Ball, location: 2F
3-1: SINGLE (Groundball, 5L, EV 100.0 MPH) (infield hit)
James Gill to third
Pepe Melandri to second
Batting: LHB Jeff Booth 0-0: Ball
1-0: Foul Ball, location: 2F
1-1: Foul Ball, location: 2F
1-2: Ball
2-2: Foul Ball, location: 2F
2-2: Ball
3-2: Foul Ball, location: 2F
3-2: Fly out, F7 (Flyball, 78M, EV 86.9 MPH)
Runner from 3rd tags up, SCORES, throw by LF
Batting: RHB Gabe Joicey 0-0: Ball
1-0: Foul Ball, location: 2F
1-1: TRIPLE (Flyball, 78XD, EV 94.4 MPH)
Pepe Melandri scores
Joe Johnson scores
Batting: SHB Markus Anderson 0-0: Foul Ball, location: 2F
0-1: Foul Ball, location: 2F
0-2: Ball
1-2: Ball
2-2: 2-RUN HOME RUN (Flyball, 89XD, EV 95.6 MPH), Distance : 422 ft
Batting: RHB Jay Harris 0-0: Foul Ball, location: 2F
0-1: Ball
1-1: Ball
2-1: Called Strike
2-2: Strikes out swinging
Top of the 5th over - 5 runs, 5 hits, 0 errors, 0 left on base; Valley View 6 - Ellesmere Island 1
BOTTOM OF THE 5TH
Ellesmere Island Snowpeople batting - Pitching for Valley View Cougars : RHP Don Lucas
Batting: RHB Ramón Rodríguez 0-0: Foul Ball, location: 2F
0-1: Called Strike
0-2: Ball
1-2: Foul Ball, location: 2F
1-2: Fly out, F9 (Flyball, 9S, EV 86.9 MPH)
Batting: RHB Howard Moore 0-0: Fly out, F9 (Flyball, 9D, EV 90.6 MPH)
Batting: RHB Red Greene 0-0: Ball
1-0: SINGLE (Groundball, 6D, EV 95.6 MPH)
Batting: SHB Clive Edney 0-0: Called Strike
0-1: Ball
1-1: Foul Ball, location: 2F
1-2: Ball
2-2: Foul Ball, location: 2F
2-2: Ground out 4-3 (Groundball, 4, EV 83.1 MPH)
Bottom of the 5th over - 0 runs, 1 hit, 0 errors, 1 left on base; Valley View 6 - Ellesmere Island 1
TOP OF THE 6TH
Valley View Cougars batting - Pitching for Ellesmere Island Snowpeople : RHP Ki-seop Ch'oe
Batting: RHB Shaun Kingsley 0-0: DOUBLE (Line Drive, 78D, EV 105.0 MPH)
Pitching: RHP Rob O'Brien
Batting: RHB James Gill 0-0: Ball
1-0: Foul Ball, location: 2F
1-1: Called Strike
1-2: Strikes out swinging
Batting: LHB Vic Coates 0-0: Ball
1-0: Called Strike
1-1: Called Strike
1-2: Foul Ball, location: 2F
1-2: Strikes out swinging
Batting: RHB Pepe Melandri 0-0: Ground out U3 (Groundball, 34S, EV 70.0 MPH)
Top of the 6th over - 0 runs, 1 hit, 0 errors, 1 left on base; Valley View 6 - Ellesmere Island 1
BOTTOM OF THE 6TH
Ellesmere Island Snowpeople batting - Pitching for Valley View Cougars : RHP Don Lucas
Batting: RHB Donald White 0-0: Ball
1-0: Ball
2-0: Ball
3-0: Called Strike
3-1: Foul Ball, location: 2F
3-2: Foul Ball, location: 2F
3-2: Foul Ball, location: 2F
3-2: Foul Ball, location: 2F
3-2: Foul Ball, location: 2F
3-2: SOLO HOME RUN (Flyball, 78XD, EV 105.0 MPH), Distance : 430 ft
Batting: RHB Ramón Rodríguez 0-0: Ball
1-0: Ball
2-0: Ball
3-0: Called Strike
3-1: Base on Balls
Batting: LHB James Moya 0-0: Ball
1-0: Called Strike
1-1: Ball
2-1: SINGLE (Line Drive, 4D, EV 95.0 MPH)
Ramón Rodríguez to second
Runner from 2nd tries for 3rd, SAFE, throw by CF made to third
Batting: RHB Ron Jackson 0-0: Ball
1-0: Ball
2-0: Swinging Strike
2-1: Swinging Strike
2-2: Ball
3-2: Foul Ball, location: 2F
3-2: Strikes out looking
Batting: RHB Frank Steeneveld 0-0: Foul Ball, location: 2F
0-1: Ball
1-1: SINGLE (Groundball, 34D, EV 97.5 MPH)
Ramón Rodríguez scores
James Moya to second
Runner from 2nd tries for 3rd, SAFE, no throw by RF
Pitching: RHP Juan Ramírez
Batting: RHB Ramón Rodríguez 0-0: Ground out 5-3 (Groundball, 5S, EV 76.9 MPH)
Frank Steeneveld to second
Batting: RHB Howard Moore 0-0: Fly out, F7 (Line Drive, 7, EV 89.4 MPH)
Bottom of the 6th over - 2 runs, 3 hits, 0 errors, 2 left on base; Valley View 6 - Ellesmere Island 3
TOP OF THE 7TH
Valley View Cougars batting - Pitching for Ellesmere Island Snowpeople : RHP Rob O'Brien
Batting: RHB Joe Johnson 0-0: Called Strike
0-1: Ball
1-1: Ball
2-1: Ball
3-1: Base on Balls
Batting: LHB Jeff Booth 0-0: Called Strike
0-1: Called Strike
0-2: Strikes out looking
Batting: RHB Gabe Joicey 0-0: Called Strike
Joe Johnson is caught stealing 2nd base 2-4
0-1: Ball
1-1: Ball
2-1: Foul Ball, location: 2F
2-2: Ball
3-2: Foul Ball, location: 2F
3-2: Foul Ball, location: 2F
3-2: Reached on error, E5 (Groundball, 5, EV 101.9 MPH)
Batting: SHB Markus Anderson 0-0: SINGLE (Line Drive, 5D, EV 105.0 MPH)
Gabe Joicey to third
Runner from 3rd tries for Home, SAFE, throw by LF to home
Batting: RHB Jay Harris 0-0: Called Strike
0-1: Called Strike
0-2: Strikes out swinging
Top of the 7th over - 1 run, 1 hit, 1 error, 1 left on base; Valley View 7 - Ellesmere Island 3
BOTTOM OF THE 7TH
Ellesmere Island Snowpeople batting - Pitching for Valley View Cougars : RHP Juan Ramírez
Batting: RHB Red Greene 0-0: Ball
1-0: Ground out 4-3 (Groundball, 34, EV 98.8 MPH)
Batting: SHB Clive Edney 0-0: Fly out, F7 (Flyball, 7S, EV 87.5 MPH)
Batting: RHB Donald White 0-0: Ball
1-0: Swinging Strike
1-1: Foul Ball, location: 2F
1-2: Foul Ball, location: 2F
1-2: Foul Ball, location: 2F
1-2: Ball
2-2: Foul Ball, location: 2F
2-2: Fly out, F4 (Flyball, 4MD, EV 89.4 MPH)
Bottom of the 7th over - 0 runs, 0 hits, 0 errors, 0 left on base; Valley View 7 - Ellesmere Island 3
TOP OF THE 8TH
Valley View Cougars batting - Pitching for Ellesmere Island Snowpeople : RHP Rob O'Brien
Batting: RHB Shaun Kingsley 0-0: Swinging Strike
0-1: SINGLE (Groundball, 4D, EV 96.9 MPH)
Batting: RHB James Gill 0-0: Fly out, F8 (Flyball, 8RM, EV 88.8 MPH)
Batting: LHB Vic Coates 0-0: Ball
1-0: Ball
2-0: Swinging Strike
2-1: Foul Ball, location: 2F
2-2: Foul Ball, location: 2F
2-2: SINGLE (Groundball, 34S, EV 72.5 MPH) (infield hit)
Shaun Kingsley to second
Batting: RHB Pepe Melandri 0-0: Ball
1-0: Ball
2-0: Ball
3-0: Base on Balls
Shaun Kingsley to third
Vic Coates to second
Batting: RHB Joe Johnson 0-0: Foul Ball, location: 2F
0-1: Ball
1-1: Foul Ball, location: 2F
1-2: Ball
2-2: Ball
3-2: Foul Ball, location: 2F
3-2: Fly out, F9 (Flyball, 9S, EV 93.1 MPH)
Batting: LHB Jeff Booth 0-0: Ball
1-0: Swinging Strike
1-1: Called Strike
1-2: Ball
2-2: Foul Ball, location: 2F
2-2: Ball
3-2: SINGLE (Line Drive, 9S, EV 98.1 MPH)
Shaun Kingsley scores
Vic Coates to third
Pepe Melandri to second
Vic Coates scores
Pepe Melandri to third
Batting: RHB Gabe Joicey 0-0: Ball
Wild Pitch!
Pepe Melandri scores
Jeff Booth to second
1-0: Called Strike
1-1: Swinging Strike
1-2: SINGLE (Line Drive, 8LS, EV 103.1 MPH)
Jeff Booth to third
Pinch Hitting: RHB Herb Booth 0-0: Ball
1-0: Called Strike
1-1: Ball
2-1: Foul Ball, location: 2F
2-2: Ball
3-2: Strikes out swinging
Top of the 8th over - 3 runs, 4 hits, 0 errors, 2 left on base; Valley View 10 - Ellesmere Island 3
BOTTOM OF THE 8TH
Ellesmere Island Snowpeople batting - Pitching for Valley View Cougars : RHP Juan Ramírez
Now in CF: Miguel Rodríguez
Batting: RHB Ramón Rodríguez 0-0: Called Strike
0-1: Called Strike
0-2: Foul Ball, location: 2F
0-2: Ball
1-2: Strikes out swinging
Batting: LHB James Moya 0-0: SOLO HOME RUN (Flyball, 89XD, EV 109.4 MPH), Distance : 418 ft
Batting: RHB Ron Jackson 0-0: Ball
1-0: Called Strike
1-1: Called Strike
1-2: Strikes out looking
Batting: RHB Frank Steeneveld 0-0: Swinging Strike
0-1: SINGLE (Groundball, 34D, EV 105.0 MPH)
Batting: RHB Ramón Rodríguez 0-0: Ball
1-0: Swinging Strike
1-1: Ball
2-1: Foul Ball, location: 2LF, Error on foul ball, E2
2-2: Ball
3-2: Fly out, F9 (Flyball, 9S, EV 94.4 MPH)
Bottom of the 8th over - 1 run, 2 hits, 1 error, 1 left on base; Valley View 10 - Ellesmere Island 4
TOP OF THE 9TH
Valley View Cougars batting - Pitching for Ellesmere Island Snowpeople : RHP Rob O'Brien
Batting: RHB Jay Harris 0-0: Ball
1-0: Foul Ball, location: 2F
1-1: Called Strike
1-2: Fly out, F3 (Popup, 3SF, EV 72.5 MPH)
Pitching: RHP Umayr bin Yazid
Batting: RHB Shaun Kingsley 0-0: Called Strike
0-1: Ground out 6-3 (Groundball, 6S, EV 87.5 MPH)
Batting: RHB James Gill 0-0: Fly out, F9 (Line Drive, 9, EV 90.6 MPH)
Top of the 9th over - 0 runs, 0 hits, 0 errors, 0 left on base; Valley View 10 - Ellesmere Island 4
BOTTOM OF THE 9TH
Ellesmere Island Snowpeople batting - Pitching for Valley View Cougars : RHP Juan Ramírez
Batting: RHB Howard Moore 0-0: Called Strike
0-1: Swinging Strike
0-2: Strikes out swinging
Batting: RHB Red Greene 0-0: Ball
1-0: Fly out, F4 (Popup, 3S, EV 83.8 MPH)
Batting: SHB Clive Edney 0-0: Ball
1-0: Ball
2-0: Ball
3-0: Called Strike
3-1: TRIPLE (Flyball, 8RXD, EV 88.8 MPH)
Batting: RHB Donald White 0-0: Called Strike
0-1: Called Strike
0-2: Ground out 6-3 (Groundball, 6, EV 86.2 MPH)
Bottom of the 9th over - 0 runs, 1 hit, 0 errors, 1 left on base; Valley View 10 - Ellesmere Island 4
Friday, March 26th, 2021 - OOTP Baseball 20.8 Build 74